 Dungeon Crawl Stone Soup version 0.29-a0-791-ga0f254aafb (webtiles) character file.

Game seed: 7277461460555951478

169 Malachi the Slasher (level 5, -3/41 HPs)
             Began as a Demonspawn Abyssal Knight on July 3, 2022.
             Was a Priest of Lugonu.
             Slain by Edmund
             ... wielding a +2 flail of distortion
              (20 damage)
             ... on level 4 of the Dungeon.
             The game lasted 00:03:25 (4158 turns).

Malachi the Slasher (Demonspawn Abyssal Knight)     Turns: 4158, Time: 00:03:25

Health: -3/41      AC:  3    Str: 13    XL:     5   Next: 25%
Magic:  6/6        EV: 11    Int: 12    God:    Lugonu [***...]
Gold:   244        SH:  4    Dex: 15    Spells: 4/4 levels left

rFire   . . .      SeeInvis .   a - +1 falchion
rCold   . . .      Faith    .   (no shield)
rNeg    . . .      Spirit   .   b - +0 leather armour
rPois   .          Reflect  .   (helmet restricted)
rElec   .          Harm     .   d - scarf {shadows}
rCorr   .          Rampage  .   (no gloves)
Will    .....                   (no boots)
Stlth   +.........              (no amulet)
HPRegen 0.13/turn               (no ring)
MPRegen 0.10/turn               (no ring)

@: no status effects
A: horns 1, condensation shield
a: Renounce Religion, Depart the Abyss, Bend Space, Banish


You were on level 4 of the Dungeon.
You worshipped Lugonu.
Lugonu was most pleased with you.
You visited 1 branch of the dungeon, and saw 4 of its levels.
You visited the Abyss 1 time.

You collected 244 gold pieces.

Inventory:

Hand Weapons
 a - a +1 falchion (weapon)
Armour
 b - a +0 leather armour (worn)
 d - a scarf of shadows (worn)
 l - a +0 helmet
Jewellery
 m - a ring of wizardry
 n - a ring of positive energy
Scrolls
 c - 7 scrolls of identify
 g - a scroll of amnesia
 h - 2 scrolls of teleportation
 i - a scroll of enchant armour
 o - a scroll of torment {unknown}
 p - a scroll of noise {unknown}
Potions
 k - a potion of ambrosia {unknown}
 q - a potion of lignification {unknown}


   Skills:
 - Level 3.4 Fighting
 + Level 4.5 Long Blades
 - Level 2.0 Armour
 - Level 0.9 Dodging
 + Level 0.2 Shields
 - Level 2.6 Invocations


You had 4 spell levels left.
You didn't know any spells.
Your spell library contained the following spells:

 Spells                   Type           Power      Damage    Failure   Level
 Freeze                   Ice            0%         1d3       38%         1
 Frozen Ramparts          Ice            0%         1d2       77%         3
 Hailstorm                Conj/Ice       0%         3d3       99%         4


Dungeon Overview and Level Annotations

Branches:
Dungeon (4/15)
 Temple: D:4-7

Altars:
Qazlal

Annotations:
D:4 Edmund


Innate Abilities, Weirdness & Mutations

You have a pair of small horns on your head.
A meltable shield of frost defends you. (SH +4)


Message History

There is a stone staircase leading down here.
Done exploring.
Done exploring.
You climb downwards.
Found 7 gold pieces.
There is a stone staircase leading up here.
Unknown command.
Found an escape hatch in the ceiling.
A hobgoblin comes into view.
The hobgoblin shouts!
A hobgoblin is nearby!
You closely miss the hobgoblin. The hobgoblin misses you.
You hit the hobgoblin.
You kill the hobgoblin!
Lugonu accepts your kill.
No target in view!
No target in view!
You now have 234 gold pieces (gained 7).
You now have 244 gold pieces (gained 10).
Edmund the Younger comes into view.
He is wielding a +2 flail of distortion and wearing a +1 scale mail of fire resistance.
Edmund shouts!
Edmund hits you with a +2 flail of distortion.
You blink.
No target in view!
No target in view!
No target in view!
Unknown command.
Edmund hits you with a +2 flail of distortion!
You blink.
Edmund hits you with a +2 flail of distortion.
Space warps horribly around you!
* * * LOW HITPOINT WARNING * * *
You hit Edmund.
Edmund is lightly wounded.
Edmund closely misses you.
Unknown command.
You feel much better.
Edmund hits you with a +2 flail of distortion.
Space warps horribly around you!!
You die...

#..# . ..# .. #.
#.# ##... ...
#.####..... ...#
#..#....# #..#
#.....# .# #..#
##....## ..
#..##....## ##.#
#....#@@.## #..#
#.######..####<.##
#. ##........###
.. ##.........##
#.# #...........
## #.....†.....
##...........
###............
##..............


You could see Edmund.

Vanquished Creatures
  6 adders
  3 river rats (D:3)
  An ufetubus (D:3)
  A worm (D:3)
  3 dart slugs
  An orc (D:3)
  5 ball pythons
  3 bats
  5 endoplasms
  3 giant cockroaches (D:3)
  5 goblins
  4 hobgoblins
  7 jackals
  12 kobolds
  A quokka (D:2)
  2 frilled lizards
  8 rats
70 creatures vanquished.

Notes
Turn   | Place    | Note
-------+----------+-------------------------------------------
     0 | Abyss:1  | Malachi the Demonspawn Abyssal Knight began the quest for
                  | the Orb.
     0 | Abyss:1  | Reached XP level 1. HP: 18/18 MP: 2/2
     5 | D:1      | Escaped the Abyss
    66 | D:1      | Reached skill level 2 in Long Blades
   539 | D:1      | Gained mutation: A meltable shield of frost defends you.
                  | (SH +4) [demonic ancestry]
   539 | D:1      | Reached XP level 2. HP: 6/24 MP: 3/3
  1538 | D:2      | Reached XP level 3. HP: 24/29 MP: 4/4
  2027 | D:2      | Reached skill level 3 in Long Blades
  2372 | D:2      | Gained mutation: You have a pair of small horns on your
                  | head. [demonic ancestry]
  2372 | D:2      | Reached XP level 4. HP: 35/35 MP: 5/5
  3135 | D:3      | Found a stormy altar of Qazlal.
  3142 | D:3      | Reached *** piety under Lugonu
  3304 | D:3      | Reached skill level 4 in Long Blades
  3568 | D:3      | Reached XP level 5. HP: 16/41 MP: 6/6
  4148 | D:4      | Noticed Edmund
  4158 | D:4      | Slain by Edmund

Illustrated notes

Levels and vault maps discovered:
D:1:      erik_arrival_orb_chamber, layout_basic, dk_noncrumbling_2,
          minmay_pentomino_q2
D:2:      layout_basic
D:3:      layout_loops_ring, mainiacjoe_overflow_surrounded_room,
          portal_sewer_entry_e
D:4:      layout_layer_cave, dk_yredelemnul_ordeal, serial_bayou_pond_d,
          minmay_splitting_lines, uniq_edmund

Skill      XL: |  1  2  3  4 |
---------------+-------------+-----
Long Blades    | 2 3 4 |  4.5
Armour         | 2 |  2.0
Fighting       | |  3.4
Dodging        | |  0.9
Shields        | |  0.2
Invocations    | |  2.6

Action                   |  1- 3 |  4- 6 || total
-------------------------+-------+-------++-------
Melee: Falchion          |   110 |    97 ||   207
       Punch             |     1 |     2 ||     3
       Headbutt          |       |    10 ||    10
  Use: Potion            |       |     4 ||     4
       Scroll            |       |     3 ||     3
 Stab: Sleeping          |       |     1 ||     1
Armor: Leather armour    |    40 |    18 ||    58
Dodge: Dodged            |    73 |    52 ||   125
Block: Other             |     8 |    14 ||    22

Table legend: (Time is in decaauts)
 A = Elapsed time spent in this place.
 B = Non-inter-level travel time spent in this place.
 C = Inter-level travel time spent in this place.
 D = Time resting spent in this place.
 E = Time spent auto-exploring this place.
 F = Levels seen in this place.
 G = Mean time per level.
                   A        B        C        D        E       F      G
               +--------+--------+--------+--------+--------+-----+--------+
         Total |   4190 |   4133 |     57 |   1168 |   2408 |   5 |  838.0 |
       Dungeon |   4185 |   4128 |     57 |   1168 |   2408 |   4 | 1046.2 |
         Abyss |      5 |      5 |      0 |      0 |      0 |   1 |    5.0 |
               +--------+--------+--------+--------+--------+-----+--------+

Top non-repeatable levels by time:
     D:1: 1519 daAuts
     D:3: 1449 daAuts
     D:2: 1179 daAuts
     D:4: 36 daAuts
 Abyss:1: 5 daAuts
